 Dungeon Crawl Stone Soup version 0.27-a0-1287-gca74d27db6 (webtiles) character file.

Game seed: 661397344642872332

14147 mandarbmax the Spry (level 12, -6/95 HPs)
             Began as a Merfolk Berserker on June 15, 2021.
             Was a High Priest of Trog.
             Mangled by an orc knight (44 damage)
             ... in a bailey.
             The game lasted 00:23:27 (10940 turns).

mandarbmax the Spry (Merfolk Berserker)            Turns: 10940, Time: 00:23:28

Health: -6/95      AC: 12    Str: 17    XL:     12   Next: 13%
Magic:  12/12      EV: 25    Int:  7    God:    Trog [*****.]
Gold:   1929       SH:  0    Dex: 18    Spells: 11/11 levels left

rFire    + . .     SeeInvis .   o - +0 halberd
rCold    . . .     Faith    .   (shield currently unavailable)
rNeg     . . .     Spirit   .   E - +0 steam dragon scales
rPois    .         Reflect  .   f - +2 helmet
rElec    .         Harm     +   I - scarf {harm}
rCorr    .         Rampage  .   e - +1 pair of gloves
Will     +++..                  D - +0 pair of boots
Stlth    ++........             l - amulet of regeneration
HPRegen  2.25/turn              q - ring of protection from fire
MPRegen  0.13/turn              v - ring of willpower

@: strong-willed, on berserk cooldown, regenerating, slowed, very slow
A: (nimble swimmer 2), mertail
a: Renounce Religion, Berserk, Trog's Hand, Brothers in Arms


You were in a bailey.
You worshipped Trog.
Trog was extremely pleased with you.
You visited 1 branch of the dungeon, and saw 11 of its levels.
You also visited: Bailey.

You collected 1929 gold pieces.

Inventory:

Hand Weapons
 o - a +0 halberd (weapon)
Missiles
 a - 12 curare-tipped darts
 m - 4 boomerangs
 r - 26 poisoned darts
 B - 4 throwing nets
Armour
 d - a +0 ring mail
 e - a +1 pair of gloves (worn)
 f - a +2 helmet (worn)
 p - the +1 chain mail of Fortification {rElec rF+}
   (You found it on level 4 of the Dungeon)

   It protects you from fire.
   It insulates you from electricity.
 y - a +2 robe of fire resistance
 D - a +0 pair of boots (worn)
 E - +0 steam dragon scales (worn)
 H - a +1 hat of stealth
 I - a scarf of harm (worn)
Jewellery
 l - an amulet of regeneration (around neck)
 q - a ring of protection from fire (left hand)
 v - a ring of willpower (right hand)
 C - a ring of magical power
Wands
 k - a wand of iceblast (20)
 G - a wand of flame (3) (quivered)
Scrolls
 b - 6 scrolls of blinking
 h - 2 scrolls of magic mapping
 j - 6 scrolls of teleportation
 u - a scroll of fear
 x - a scroll of silence {unknown}
 A - a scroll of immolation {unknown}
 J - a scroll of holy word {unknown}
Potions
 c - a potion of cancellation
 i - 2 potions of haste
 s - a potion of heal wounds
 t - 2 potions of attraction {unknown}
 z - a potion of magic {unknown}
 F - a potion of flight {unknown}


   Skills:
 * Level 9.1 Fighting
 + Level 15.7 Polearms
 - Level 4.0 Armour
 - Level 19.0 Dodging


You had 11 spell levels left.
You didn't know any spells.
Your spell library contained the following spells:

 Spells                   Type           Power      Damage    Failure   Level
 Animate Skeleton         Necr           0%         N/A       43%         1
 Apportation              Tloc           0%         N/A       43%         1
 Corona                   Hex            0%         N/A       43%         1
 Freeze                   Ice            0%         1d3       43%         1
 Sandblast                Erth           0%         2d4       43%         1
 Summon Small Mammal      Summ           0%         N/A       43%         1
 Passwall                 Tmut/Erth      0%         N/A       56%         2
 Frozen Ramparts          Ice            0%         1d2       80%         3
 Ozocubu's Armour         Ice            0%         N/A       80%         3
 Stone Arrow              Conj/Erth      0%         3d7       80%         3
 Hailstorm                Conj/Ice       0%         3d3       99%         4
 Petrify                  Tmut/Erth      0%         N/A       99%         4
 Lee's Rapid Deconstruct  Erth           0%         3d5*      100%        5
 Metabolic Englaciation   Hex/Ice        0%         N/A       100%        5


Dungeon Overview and Level Annotations

Branches:
Dungeon (11/15)            Temple (0/1) D:4            Lair (0/6) D:10
 Bailey (1/1)
    Orc: D:9-12

Altars:
Cheibriados
Dithmenos
Trog
Uskayaw
Vehumet
Wu Jian
The Shining One
Jiyva

Shops:
D:9 (


Innate Abilities, Weirdness & Mutations

((You are quick and stealthy near water. (Stealth+, EV+, Speed+++)))
Your lower body shifts to a powerful aquatic tail in water.


Message History

Reach: o) +0 halberd
Press: ? - help, Dir - move target, f/p - orc knight
Aim: an orc knight, wielding a +0 trident and wearing a +0 ring mail (moderately wounded, about 39% to evade your +0 halberd)
You reach to attack!
You barely miss the orc knight.
The orc knight is moderately wounded.
The orc knight hits you from afar with a +0 glaive!!
* * * LOW HITPOINT WARNING * * *
The orc knight roars a battlecry!
The orc knight goes into a battle-frenzy!
You are too berserk!
You feel a strong urge to attack something.
The orc warrior no longer looks unusually strong.
You are no longer berserk.
You are exhausted.
You feel yourself slow down.
Unknown command.
Okay, then.
You feel much better.
The orc knight roars a battlecry!
The orcs go into a battle-frenzy!
The orc knight completely misses you.
As you read the scroll of summoning, it crumbles to dust.
Wisps of shadow whirl around you... The orc knight completely misses you.
An orc warrior comes into view. It is wielding a +0 halberd.
The orc knight misses you. x2
The orc knight hits your orc warrior with a +0 glaive!!!
Your orc warrior dies!
Your orc warrior's corpse dissolves into shadows!
Your skin crawls.
You feel strong-willed. The orc knight barely misses you.
The orc knight completely misses you.
The orc knight roars a battlecry!
The orc warrior goes into a battle-frenzy!
Your orc priest hits the orc knight with a +0 club.
Your orc hits the orc knight with a +0 flail!
Your orc hits the orc knight with a +0 club.
Your orc misses the orc knight.
Your orc closely misses the orc warrior.
The orc knight hits you from afar with a +0 trident!!!
You die...

### #####
##∩#########
.....##...##@o...##
.≈≈≈).#...#o.≈≈≈..#
≈≈)≈≈....ooo≈≈o≈≈o#
≈.∩o≈O.)..o.≈oo.≈.'.
≈≈)≈≈....oo)≈≈)≈≈.#.
≈≈≈..#...#..≈≈≈..#
.... #.∩.##.....##
### ##∩######### ###


You could see 3 orc knights, 2 orc warriors, a friendly orc warrior (summoned),
a friendly orc priest (summoned) and 5 friendly orcs.

Vanquished Creatures
  Gastronok (D:9)
  Harold (D:9)
  3 two-headed ogres (D:9)
  Pikel (D:7)
  Psyche (D:8)
  2 trolls
  A slime creature (D:10)
  Eustachio (D:5)
  2 wraiths
  10 yaks (D:9)
  3 wyverns
  Edmund (D:5)
  2 wargs (D:10)
  3 steam dragons
  An acid dragon (D:8)
  Duvessa (D:6)
  A water moccasin (D:7)
  A hornet zombie (D:8)
  6 orc warriors
  A sky beast (D:8)
  2 ice beasts
  2 necrophages (D:7)
  2 ogres
  A lemure (D:7)
  4 kobold brigands
  5 bullfrogs
  A gnoll sergeant (D:10)
  A wyvern zombie (D:7)
  A scorpion (D:6)
  Dowan (D:6)
  A wyvern skeleton (D:5)
  2 water moccasin skeletons
  14 killer bees
  7 wights
  A howler monkey (D:10)
  2 centaur zombies
  2 bullfrog zombies (D:6)
  6 hounds
  3 bullfrog skeletons
  6 jellies
  6 orc priests
  2 iguanas
  2 centaur skeletons
  10 orc wizards
  A statue (D:6)
  2 killer bee zombies
  A hound skeleton (D:4)
  3 howler monkey zombies
  6 gnolls
  9 adders
  A shadow imp (D:6)
  2 white imps (D:7)
  2 ufetubi (D:5)
  3 adder skeletons (D:4)
  An adder zombie (D:4)
  5 worms
  7 dart slugs
  30 orcs
  5 ball pythons
  5 bats
  6 endoplasms
  4 giant cockroaches
  6 goblins
  10 hobgoblins
  9 jackals
  A quokka (D:1)
  3 frilled lizards
  21 kobolds
  8 rats
278 creatures vanquished.

Vanquished Creatures (collateral kills)
  A tengu warrior (D:10)
  A tengu conjurer (D:10)
  An orc warrior (Bailey)
3 creatures vanquished.

Vanquished Creatures (others)
  6 fungi (D:6)
6 creatures vanquished.

Grand Total: 287 creatures vanquished

Notes
Turn   | Place    | Note
-------+----------+-------------------------------------------
     0 | D:1      | mandarbmax the Merfolk Berserker began the quest for the
                  | Orb.
     0 | D:1      | Reached XP level 1. HP: 18/18 MP: 1/1
   227 | D:1      | Reached skill level 3 in Dodging
   236 | D:1      | Reached XP level 2. HP: 24/24 MP: 2/2
   262 | D:1      | Reached skill level 5 in Polearms
   886 | D:1      | Reached XP level 3. HP: 27/29 MP: 3/3
  1527 | D:2      | Reached XP level 4. HP: 35/35 MP: 4/4
  1768 | D:2      | Reached ** piety under Trog
  2977 | D:3      | Reached XP level 5. HP: 28/41 MP: 5/5
  3687 | D:4      | Identified the +1 chain mail of Fortification {rElec rF+}
  3737 | D:4      | Reached XP level 6. HP: 47/47 MP: 6/6
  3779 | D:4      | Reached skill level 4 in Dodging
  3878 | D:4      | Found a staircase to the Ecumenical Temple.
  3911 | D:4      | Found an ornate altar of the Wu Jian Council.
  3922 | D:4      | Found a shadowy altar of Dithmenos.
  4006 | D:4      | Noticed an orc warrior
  4016 | D:4      | Killed an orc warrior
  4016 | D:4      | Reached *** piety under Trog
  4017 | D:4      | Reached skill level 10 in Polearms
  4017 | D:4      | Reached skill level 5 in Dodging
  4017 | D:4      | Reached XP level 7. HP: 52/52 MP: 7/7
  4082 | D:4      | Reached skill level 6 in Dodging
  4256 | D:5      | Entered Level 5 of the Dungeon
  4290 | D:5      | Noticed Edmund
  4302 | D:5      | Killed Edmund
  4502 | D:5      | Reached skill level 7 in Dodging
  4502 | D:5      | Reached XP level 8. HP: 56/58 MP: 8/8
  4692 | D:5      | Found a hide-covered altar of Uskayaw.
  4832 | D:5      | Noticed Eustachio
  4868 | D:5      | Killed Eustachio
  4869 | D:5      | Reached skill level 8 in Dodging
  5507 | D:6      | Noticed Duvessa
  5507 | D:6      | Noticed Dowan
  5513 | D:6      | Killed Duvessa
  5517 | D:6      | Killed Dowan
  5636 | D:6      | Found a snail-covered altar of Cheibriados.
  5736 | D:6      | Reached XP level 9. HP: 54/66 MP: 9/9
  5857 | D:6      | Reached skill level 5 in Fighting
  6002 | D:6      | Reached **** piety under Trog
  6206 | D:6      | Found a radiant altar of Vehumet.
  6604 | D:7      | Noticed a troll
  6620 | D:7      | Killed a troll
  7102 | D:7      | Found a glowing golden altar of the Shining One.
  7318 | D:7      | Reached XP level 10. HP: 77/77 MP: 10/10
  7473 | D:7      | Reached skill level 9 in Dodging
  7721 | D:7      | Noticed Pikel
  7733 | D:7      | Killed Pikel
  7844 | D:7      | Identified 2 scrolls of acquirement
  7844 | D:7      | Acquired 1324 gold pieces
  7845 | D:7      | Acquired a manual of Dodging
  7911 | D:8      | Reached skill level 10 in Dodging
  8127 | D:8      | Reached skill level 11 in Dodging
  8304 | D:8      | Noticed Psyche
  8320 | D:8      | Killed Psyche
  8320 | D:8      | Reached ***** piety under Trog
  8321 | D:8      | Reached skill level 12 in Dodging
  8909 | D:9      | Reached skill level 13 in Dodging
  8915 | D:9      | Noticed a two-headed ogre
  8927 | D:9      | Killed a two-headed ogre
  8928 | D:9      | Reached skill level 14 in Dodging
  9010 | D:9      | Noticed a two-headed ogre
  9022 | D:9      | Killed a two-headed ogre
  9023 | D:9      | Reached skill level 15 in Dodging
  9023 | D:9      | Reached XP level 11. HP: 84/84 MP: 11/11
  9027 | D:9      | Reached skill level 16 in Dodging
  9063 | D:9      | Reached skill level 17 in Dodging
  9201 | D:9      | Noticed Harold
  9217 | D:9      | Killed Harold
  9218 | D:9      | Reached skill level 18 in Dodging
  9238 | D:9      | Found Zucion's Weapon Shoppe.
  9301 | D:9      | Noticed Gastronok
  9321 | D:9      | Killed Gastronok
  9322 | D:9      | Reached skill level 19 in Dodging
  9359 | D:9      | Found a bloodstained altar of Trog.
  9417 | D:9      | Noticed a two-headed ogre
  9439 | D:9      | Killed a two-headed ogre
  9441 | D:9      | Reached skill level 15 in Polearms
  9814 | D:10     | Entered Level 10 of the Dungeon
 10035 | D:10     | Found a staircase to the Lair.
 10276 | D:10     | Received a gift from Trog
 10307 | D:10     | Noticed a tengu warrior
 10327 | D:10     | Killed a tengu warrior
 10328 | D:10     | Reached XP level 12. HP: 50/94 MP: 12/12
 10506 | D:10     | Found a viscous altar of Jiyva.
 10884 | D:11     | Found a flagged portal.
 10893 | Bailey   | Entered a bailey
 10940 | Bailey   | Mangled by an orc knight

Illustrated notes

Levels and vault maps discovered:
D:1:      dpeg_arrival_snail, layout_basic
D:2:      layout_rooms
D:3:      layout_basic
D:4:      minmay_thinvault, layout_basic, jmf_multi_god_temple,
          minmay_temple_entry_drinking_statues
D:5:      layout_layer_cave, nicolae_overflow_hidden_temple,
          minmay_misc_feat_enclosed, uniq_edmund, uniq_eustachio
D:6:      layout_loops_ring, vehumet_statue, kennysheep_mini_moat,
          serial_aquarium, aquarium_bridge_straight [aquarium_subvault_bridge,
          aquarium_subvault_window, aquarium_subvault_bridge,
          aquarium_subvault_balcony], aquarium_bridge_island_small
          [aquarium_subvault_small_open, aquarium_subvault_wall,
          aquarium_subvault_bridge, aquarium_subvault_balcony,
          aquarium_subvault_bridge], aquarium_window_fake, aquarium_window_3,
          aquarium_window_1, aquarium_view_2c, uniq_duvessa
D:7:      minmay_opposing_rooms, layout_loops_ring,
          nicolae_tso_carved_into_rock, uniq_pikel
D:8:      layout_loops_corners, uniq_psyche
D:9:      layout_basic, old_standard_altar, serial_shops,
          nicolae_shop_window_shopping, minmay_misc_feat_columns, uniq_harold,
          uniq_gastronok
D:10:     layout_gridville, erik_lair_orcish_takeover, jiyva_altar_1
D:11:     layout_stronghold, enter_bailey_1, grunt_ministairs_2
Bailey:   bailey_polearm_4, bailey

Skill      XL: |  1  2  3  4  5  6  7  8  9 10 11 12 |
---------------+-------------------------------------+-----
Dodging        | 3 5 7 8 15 19 | 19.0
Polearms       | 5 6 8 9 10 11 12 13 14 15 | 15.7
Armour         | 2 4 |  4.0
Fighting       | 4 6 7 8 9 |  9.1

Action                   |  1- 3 |  4- 6 |  7- 9 | 10-12 || total
-------------------------+-------+-------+-------+-------++-------
Melee: Spear             |   108 |   162 |       |       ||   270
       Halberd           |       |    55 |   304 |   464 ||   823
Throw: Dart              |       |     9 |     6 |    12 ||    27
       Boomerang         |       |       |     7 |     7 ||    14
Invok: Berserk           |     7 |     7 |    10 |    16 ||    40
       Trog's Hand       |       |       |     1 |     2 ||     3
       Brothers in Arms  |       |       |       |     2 ||     2
Evoke: Wand              |       |       |       |    21 ||    21
  Use: Scroll            |       |     5 |     9 |     7 ||    21
       Potion            |       |       |     1 |     1 ||     2
 Stab: Sleeping          |       |       |     2 |     2 ||     4
Armor: Ring mail         |    26 |    34 |       |       ||    60
       Chain mail        |       |    20 |    56 |       ||    76
       Robe              |       |       |    21 |    32 ||    53
       Steam dragon scal |       |       |       |    32 ||    32
Dodge: Dodged            |    29 |    70 |   183 |   357 ||   639

Table legend: (Time is in decaauts)
 A = Elapsed time spent in this place.
 B = Non-inter-level travel time spent in this place.
 C = Inter-level travel time spent in this place.
 D = Time resting spent in this place.
 E = Time spent auto-exploring this place.
 F = Levels seen in this place.
 G = Mean time per level.
                   A        B        C        D        E       F      G
               +--------+--------+--------+--------+--------+-----+--------+
         Total |  11045 |  10642 |    403 |   2295 |   6650 |  12 |  920.4 |
       Dungeon |  11005 |  10602 |    403 |   2295 |   6650 |  11 | 1000.5 |
        Bailey |     40 |     40 |      0 |      0 |      0 |   1 |   40.0 |
               +--------+--------+--------+--------+--------+-----+--------+

Top non-repeatable levels by time:
     D:7: 1372 daAuts
     D:1: 1342 daAuts
     D:5: 1257 daAuts
     D:2: 1119 daAuts
    D:10: 1028 daAuts
     D:8: 1021 daAuts
     D:6: 1001 daAuts
     D:4: 941 daAuts
     D:3: 939 daAuts
     D:9: 930 daAuts
    D:11: 48 daAuts
  Bailey: 40 daAuts
